 Dungeon Crawl Stone Soup version 0.16.1-25-gbcee3f8 (webtiles) character file.

158 shiirra the Skirmisher (level 5, -2/47 HPs)
             Began as a Hill Orc Fighter on May 21, 2015.
             Slain by a gnoll
             ... wielding a +0 halberd
              (12 damage)
             ... on level 3 of the Dungeon.
             The game lasted 00:11:19 (2928 turns).

shiirra the Skirmisher (Hill Orc Fighter)           Turns: 2928, Time: 00:11:19

Health: -2/47      AC:  7    Str: 20    XL:     5   Next: 40%
Magic:  5/5        EV:  8    Int:  8    God:
Gold:   143        SH:  9    Dex: 13    Spells: 0 memorised, 4 levels left

rFire  . . .     SeeInvis .     a - +0 long sword
rCold  . . .     Clarity  .     b - +0 scale mail
rNeg   . . .     SustAb   .     c - +0 shield
rPois  .         Gourm    .     (no helmet)
rElec  .         Spirit   .     (no cloak)
rCorr  .         Warding  .     (no gloves)
rMut   .         Stasis   .     (no boots)
MR     .....                    (no amulet)
Stlth  ..........               (no ring)
                                h - +3 ring of dexterity

@: not resistant to hostile enchantments, extremely unstealthy
A: no striking features
a: no special abilities


You were on level 3 of the Dungeon.
You were not hungry.

You visited 1 branch of the dungeon, and saw 3 of its levels.

You collected 143 gold pieces.

Inventory:

Hand weapons
 a - a +0 long sword (weapon)
Armour
 b - a +0 scale mail (worn)
 c - a +0 shield (worn)
Jewellery
 h - a +3 ring of dexterity (left hand)
 p - an uncursed amulet of stasis {unknown}
Scrolls
 d - 2 scrolls of magic mapping {unknown}
 l - a scroll of teleportation {unknown}
 m - 2 scrolls of identify {unknown}
 o - a scroll of fear {unknown}
 q - 3 scrolls of noise {unknown}
Potions
 e - a potion of might
 f - a potion of cure mutation {unknown}
 g - a potion of agility {unknown}
 i - a potion of curing {unknown}
 j - a potion of magic {unknown}
 n - a potion of cancellation {unknown}
 r - a potion of resistance {unknown}
Comestibles
 k - a bread ration


   Skills:
 + Level 4.4 Fighting
 + Level 2.9 Long Blades
 + Level 4.0 Armour
 + Level 1.7 Dodging
 + Level 4.3 Shields


You had 4 spell levels left.
You didn't know any spells.

Dungeon Overview and Level Annotations

Branches:
Dungeon (3/15)

Altars:
Elyvilon
Gozag
Zin


Message History

The gnoll is severely wounded.
The gnoll barely misses you.
You hit the gnoll.
The gnoll is severely wounded.
The gnoll hits you with a halberd!
* * * LOW HITPOINT WARNING * * *
You are too injured to fight recklessly!
You are too injured to fight recklessly!
You are too injured to fight recklessly!
You are too injured to fight recklessly!
You closely miss the gnoll.
The gnoll is severely wounded.
The gnoll hits you but does no damage.
Your shield and scale mail prevent you from hitting the gnoll.
The gnoll is severely wounded.
You block the gnoll's attack.
You closely miss the gnoll.
The gnoll is severely wounded.
You block the gnoll's attack. The gnoll hits you with a halberd!
You die...

...# #######.###..# #.# #
...# #.......# #..# #.# #
...# #.####### #..# .
...# #.# #..# # ..## #.#
#..# ..#######.## #..#
...........# #..#
..###......########..#..
...........((...@g...#...
#.###......#####.#####..#
...........# #.# #..#
#.#####.#### #.# #..#
#....####.♣♣♣♣#### #..# #
####.##.♣♣._.♣..## #..# #
#.............## #..# #
#..............####..#
#.#..............>...#


You could see a gnoll.

Vanquished Creatures
  3 gnolls (D:3)
  8 adders
  An orc (D:3)
  5 bats
  2 giant cockroaches (D:3)
  13 goblins
  4 hobgoblins
  4 jackals
  7 kobolds
  A quokka (D:3)
  A ball python (D:2)
  3 giant geckos
  2 giant newts
  6 rats
60 creatures vanquished.

Notes
Turn   | Place    | Note
--------------------------------------------------------------
     0 | D:1      | shiirra, the Hill Orc Fighter, began the quest for the Orb.
     0 | D:1      | Reached XP level 1. HP: 19/19 MP: 1/1
   173 | D:1      | Reached XP level 2. HP: 18/27 MP: 2/2
   417 | D:1      | Reached skill level 4 in Fighting
   676 | D:2      | Found an opulent altar of Gozag.
   682 | D:2      | Reached XP level 3. HP: 33/33 MP: 3/3
   899 | D:2      | Found a white marble altar of Elyvilon.
  1198 | D:2      | Reached skill level 1 in Dodging
  1405 | D:2      | Reached XP level 4. HP: 20/40 MP: 4/4
  2226 | D:3      | Reached XP level 5. HP: 23/46 MP: 5/5
  2625 | D:3      | Found a glowing silver altar of Zin.
  2928 | D:3      | Slain by a gnoll

Action                   |  1- 3 |  4- 6 || total
-------------------------+-------+-------++-------
Melee: Long sword        |   132 |   107 ||   239
  Eat: Meat ration       |     1 |       ||     1
       Bread ration      |       |     1 ||     1
